 Dungeon Crawl Stone Soup version 0.29.0-4-gdea44cf6ec (webtiles) character file.

Game seed: 16237713623378774560

62 qw the Ruffian (level 3, -1/36 HPs)
             Began as a Troll Cinder Acolyte on Aug 31, 2022.
             Was a High Priest of Ignis.
             Killed from afar by Sigmund (6 damage)
             ... with a magic dart
             ... on level 2 of the Dungeon.
             The game lasted 00:00:41 (803 turns).

qw the Ruffian (Troll Cinder Acolyte)                Turns: 803, Time: 00:00:42

Health: -1/36      AC:  4    Str: 24    XL:     3   Next: 85%
Magic:  3/3        EV:  7    Int: 10    God:    Ignis [*****.]
Gold:   41         SH:  6    Dex:  5    Spells: 4/4 levels left

rFire   + . .      SeeInvis .     - Unarmed
rCold   . . .      Faith    .   d - +0 kite shield
rNeg    . . .      Spirit   .   a - +0 robe
rPois   .          Reflect  .   (helmet restricted)
rElec   .          Harm     .   (no cloak)
rCorr   .          Rampage  .   (gloves unavailable)
Will    .....                   (boots unavailable)
Stlth   +.........              (no amulet)
HPRegen 0.92/turn               (no ring)
MPRegen 0.08/turn               (no ring)

@: no status effects
A: large, unfitting armour, claws 3, regeneration 1, shaggy fur 1, tough skin 1
a: Renounce Religion, Fiery Armour, Foxfire Swarm, Rising Flame


You were on level 2 of the Dungeon.
You worshipped Ignis.
Ignis was extremely pleased with you.
You visited 1 branch of the dungeon, and saw 2 of its levels.

You collected 41 gold pieces.


Innate Abilities, Weirdness & Mutations

You are too large for most types of armour.
You have claws for hands.
Your natural rate of healing is unusually fast.
You are covered in fur. (AC +1)
You have tough skin. (AC +1)


   Skills:
 - Level 2.4 Fighting
 + Level 2.5 Shields
 - Level 3.7 Unarmed Combat
 - Level 1.0 Spellcasting
 - Level 2.1 Fire Magic


You had 4 spell levels left.
You didn't know any spells.
Your spell library contained the following spells:

 Spells                   Type           Power      Damage    Failure   Level
 Scorch                   Fire           8%         2d5       45%         2

Inventory:

Armour
 a - a +0 robe (worn)
 d - a +0 kite shield (worn)
Scrolls
 b - a scroll of blinking {unknown}
 e - a scroll of identify
Potions
 c - a potion of curing {unknown}

Dungeon Overview and Level Annotations

Branches:
Dungeon (2/15)

Altars:

Annotations:
D:2 Sigmund


Message History

You barely miss something. Something hits you.
You claw something! You miss something. Something hits you.
You closely miss something. Something hits you but does no damage.
You miss something. You barely miss something.
You hear some strange, mumbled words.
You are confused.
Something hits you.
You're too confused to attack without stumbling around!
There is a strange disturbance nearby!
You're too confused to attack without stumbling around!
There is a strange disturbance nearby!
Something hits you.
You're too confused to attack without stumbling around!
There is a strange disturbance nearby!
You hear some strange, mumbled words.
A puff of flame appears from out of thin air!
The puff of flame hits you but does no damage.
You're too confused to attack without stumbling around!
There is a strange disturbance nearby!
Something hits you.
You're too confused to attack without stumbling around!
There is a strange disturbance nearby!
You feel less confused.
You barely miss something. Something hits you.
You scratch something. Something hits you!
You closely miss something. You barely miss something. Something hits you!
You claw something!
You hear some strange, mumbled words.
A magic dart appears from out of thin air!
The magic dart hits you.
You die...

..#.# #......####
#...# #.....###
...# #.#.....# #..#
# #.....# ..#
#.#.....### #.#
#.......'.. #.###
###.....#.. #...#
#.#'###.# #@#.#
#.#.# #.#
......{.#.## #...#
#.# #....####..#
#..## #.#
#....#####.#####..#
#.#
#.................#
#.# +.
.....###...###.#
#.# # .###
###...>.# #.#
####.## #.# .# #.#


There were no monsters in sight!

Vanquished Creatures
  Jessica (D:2)
  3 worms (D:2)
  A dart slug (D:1)
  2 endoplasms
  A goblin (D:2)
  4 hobgoblins
  2 quokkas (D:2)
  2 ball pythons
  2 frilled lizards
  7 kobolds
  3 rats
28 creatures vanquished.

Notes
Turn   | Place    | Note
-------+----------+-------------------------------------------
     0 | D:1      | qw the Troll Cinder Acolyte began the quest for the Orb.
     0 | D:1      | Reached XP level 1. HP: 22/22 MP: 1/1
     0 | D:1      | 0 ||| qw: Version: 0.1-a-97-g2dd2ca4
     0 | D:1      | 0 ||| qw: Game counter: 4635
     0 | D:1      | 0 ||| qw: Always use a shield: true
     0 | D:1      | 0 ||| qw: God list: Okawaru
     0 | D:1      | 0 ||| qw: Allow faded altars: false
     0 | D:1      | 0 ||| qw: Do Orc after D:15 true
     0 | D:1      | 0 ||| qw: Do second Lair branch before Depths: true
     0 | D:1      | 0 ||| qw: Lair rune preference: random
     0 | D:1      | 0 ||| qw: Plans: Normal
     0 | D:1      | 0 ||| PLANNING D:1-11
    16 | D:1      | 16 ||| Stepping ~*~*~tactically~*~*~ (stealth).
    18 | D:1      | 18 ||| Stepping ~*~*~tactically~*~*~ (stealth).
    30 | D:1      | 30 ||| Stepping ~*~*~tactically~*~*~ (stealth).
    64 | D:1      | 64 ||| Stepping ~*~*~tactically~*~*~ (hiding).
   104 | D:1      | Reached XP level 2. HP: 29/29 MP: 2/2
   246 | D:1      | Found a faded altar of an unknown god.
   367 | D:1      | 367 ||| UPGRADING to +0 kite shield.
   372 | D:1      | 372 ||| READING scroll labelled ISOHIT DUTAR.
   377 | D:1      | 377 ||| READING scroll labelled LITWABL QIXAL.
   464 | D:2      | 464 ||| Stepping ~*~*~tactically~*~*~ (stealth).
   478 | D:2      | Reached skill level 1 in Shields
   558 | D:2      | 558 ||| Stepping ~*~*~tactically~*~*~ (stealth).
   566 | D:2      | Reached XP level 3. HP: 36/36 MP: 3/3
   591 | D:2      | 591 ||| Stepping ~*~*~tactically~*~*~ (stealth).
   592 | D:2      | 592 ||| Stepping ~*~*~tactically~*~*~ (stealth).
   600 | D:2      | Noticed Jessica
   601 | D:2      | 601 ||| Stepping ~*~*~tactically~*~*~ (hiding).
   603 | D:2      | 603 ||| Stepping ~*~*~tactically~*~*~ (hiding).
   612 | D:2      | 612 ||| Stepping ~*~*~tactically~*~*~ (hiding).
   619 | D:2      | Killed Jessica
   626 | D:2      | 626 ||| Stepping ~*~*~tactically~*~*~ (stealth).
   778 | D:2      | Noticed Sigmund
   779 | D:2      | 779 ||| Stepping ~*~*~tactically~*~*~ (hiding).
   802 | D:2      | HP: 4/36 [something (8)]
   803 | D:2      | Killed from afar by Sigmund

Levels and vault maps discovered:
D:1:      ebering_trefoil_3fold, layout_rooms,
          hellmonk_ecumenical_altar_leap_of_faith
D:2:      layout_basic, basic_altar, uniq_jessica, uniq_sigmund

Skill      XL: |  1  2  3 |
---------------+----------+-----
Shields        | 1 2 |  2.5
Fighting       | |  2.4
Unarmed Combat | |  3.7
Spellcasting   | |  1.0
Fire Magic     | |  2.1

Action                   || total
-------------------------++-------
Melee: Unarmed           ||    92
  Use: Scroll            ||     2
Armor: Robe              ||    16
Dodge: Dodged            ||    17
Block: Kite shield       ||     6

Table legend:
 A = Non-vault XP
 B = Vault XP
 C = Vault XP percentage of total XP
 D = Non-vault monster count
 E = Vault monster count
 F = Vault count percentage of total count
                 A         B        C        D         E       F
            +---------+---------+-------+---------+---------+-------
      Total |      52 |      37 |  41.6 |      27 |       1 |   3.6
            +---------+---------+-------+---------+---------+-------
        D:1 |      18 |       0 |   0.0 |      12 |       0 |   0.0
        D:2 |      34 |      37 |  52.1 |      15 |       1 |   6.2
            +---------+---------+-------+---------+---------+-------
